 Dungeon Crawl Stone Soup version 0.25.1-8-g42b30a86e7 (webtiles) character file.

Game seed: 4684107831315356795

223 growler the Ruffian (level 5, -5/40 HPs)
             Began as a Draconian Transmuter on Dec 15, 2020.
             Killed from afar by a sky beast (16 damage)
             ... with an exploding inner flame
             ... hexed by the player character
             ... on level 4 of the Dungeon.
             The game lasted 00:10:23 (4116 turns).

growler the Ruffian (Draconian Transmuter)          Turns: 4116, Time: 00:10:24

Health: -5/40      AC:  6    Str: 13    XL:     5   Next: 66%
Magic:  8/9        EV: 12    Int: 14    God:
Gold:   130        SH:  0    Dex: 11    Spells: 0/10 levels left

rFire    . . .     SeeInvis .     - Unarmed
rCold    . . .     Gourm    .   (no shield)
rNeg     . . .     Faith    .   (armour unavailable)
rPois    .         Spirit   .   (helmet restricted)
rElec    .         Reflect  .   p - +0 cloak
rCorr    .         Harm     .   (no gloves)
MR       .....                  (no boots)
Stlth    +.........             (no amulet)
HPRegen  0.13/turn              (no ring)
MPRegen  0.11/turn              (no ring)

@: starving, hasted, very quick
A: unfitting armour, cold-blooded, AC +5
a: no special abilities


You were on level 4 of the Dungeon.
You were starving.

You visited 1 branch of the dungeon, and saw 4 of its levels.

You collected 130 gold pieces.

Inventory:

Missiles
 a - 23 arrows
 n - 8 javelins (quivered)
 t - 8 atropa-tipped darts
Armour
 p - a +0 cloak (worn)
   (You took it off Crazy Yiuf on level 2 of the Dungeon)
Jewellery
 g - an uncursed amulet of guardian spirit {unknown}
   (You found it on level 1 of the Dungeon)
Scrolls
 d - a scroll of random uselessness {unknown}
 i - a scroll of remove curse {unknown}
 q - a scroll of noise {unknown}
 r - a scroll of amnesia {unknown}
 s - a scroll of identify {unknown}
Potions
 b - a potion of resistance {unknown}
 c - 2 potions of invisibility {unknown}
 f - a potion of curing {unknown}
 k - 2 potions of stabbing {unknown}
 l - a potion of might {unknown}
 o - a potion of brilliance {unknown}
Comestibles
 e - 6 rations {!d}


   Skills:
 - Level 1.1 Fighting
 - Level 1.7 Dodging
 + Level 4.3 Unarmed Combat
 - Level 3.0 Spellcasting
 + Level 3.8 Transmutations
 - Level 2.0 Poison Magic


You couldn't memorise any spells.
You knew the following spells:

 Your Spells              Type           Power        Failure   Level  Hunger
a - Beastly Appendage     Tmut           ##....       4%          1    #......
c - Ice Form              Ice/Tmut       #.......     69%         4    #####..
s - Sticks to Snakes      Tmut           ##......     7%          2    ##.....
x - Spider Form           Tmut/Pois      ##........   21%         3    ###....

Your spell library contained the following spells:

 Spells                   Type           Power        Failure   Level  Hunger
 Blade Hands              Tmut           ##........   77%         5    ######.


Dungeon Overview and Level Annotations

Branches:
Dungeon (4/15)
 Temple: D:4-7

Altars:


Innate Abilities, Weirdness & Mutations

Your plain brown scales are hard. (AC +5)
You cannot fit into any form of body armour.
You are cold-blooded and may be slowed by cold attacks.


Message History

Reactivating autopickup.
You feel sick.
There is a stone staircase leading down here.
You see here a +0 hand axe.
You start resting.
You feel sick.
You are no longer poisoned.
You start resting.
You start resting.
You are near starving!
Your magical contamination has completely faded away.
You start resting.
The spell is quite dangerous to cast (21% risk of failure)!
Continue anyway?
You turn into a venomous arachnid creature.
Your +0 cloak melds into your body.
You are starving!
You climb downwards.
Your transformation is almost over.
The sky beast hits you. The sky beast shocks you.
The sky beast barely misses you.
There is a stone staircase leading up, spattered with blood here.
You hit the sky beast.
The sky beast is poisoned.
The sky beast hits you. The sky beast shocks you.
* * * LOW HITPOINT WARNING * * *
You completely miss the sky beast.
Unknown command.
You barely miss the sky beast.
The sky beast flickers out of sight!
Deactivating autopickup; reactivate with Ctrl-A.
Something hits you.
* * * LOW HITPOINT WARNING * * *
Something shocks you.
* * * LOW HITPOINT WARNING * * *
A sky beast appears from thin air!
Reactivating autopickup.
The sky beast flickers out of sight!
Deactivating autopickup; reactivate with Ctrl-A.
Your transformation has ended.
Your +0 cloak unmelds from your body.
A hornet comes into view.
You barely miss something. Something hits you but does no damage.
As you read the scroll labeled SEISCH IGYSU, it crumbles to dust.
The creatures around you are filled with an inner flame!
It was a scroll of immolation.
Flame seeps out of something. x2
Something hits you but does no damage.
You aren't carrying any items that you can evoke.
Okay, then.
You feel yourself speed up.
Flame seeps out of something.
The fiery explosion engulfs you!
You die...

#.........
#..#######
#..#
..###.<#####
.....y......#
######....#.#
#.####.#
#.###.[######
#@##........#
#§○§..♣...<.#
####.....)..#
##..######
##.# ###


You could see a hornet (wandering, inner flame).

Vanquished Creatures
  Crazy Yiuf (D:2)
  An orc wizard (D:4)
  A worker ant (D:4)
  4 gnolls
  3 adders
  2 oozes
  2 worms (D:2)
  2 dart slugs
  4 leopard geckos
  8 orcs
  6 bats
  A giant cockroach (D:3)
  6 goblins
  7 hobgoblins
  4 jackals (D:2)
  2 kobolds
  2 quokkas
  4 frilled lizards
  3 rats (D:2)
63 creatures vanquished.

Vanquished Creatures (collateral kills)
  An ooze (D:3)
1 creature vanquished.

Grand Total: 64 creatures vanquished

Notes
Turn   | Place    | Note
-------+----------+-------------------------------------------
     0 | D:1      | growler the Draconian Transmuter began the quest for the
                  | Orb.
     0 | D:1      | Reached XP level 1. HP: 16/16 MP: 3/3
   483 | D:1      | You fall into a shaft and drop 1 floor!
   507 | D:2      | Found a runed translucent door.
   508 | D:2      | Noticed Crazy Yiuf
   533 | D:2      | Reached XP level 2. HP: 23/23 MP: 5/5
   537 | D:2      | Learned a level 2 spell: Sticks to Snakes
  1354 | D:2      | Reached XP level 3. HP: 21/28 MP: 4/6
  1404 | D:1      | Learned a level 3 spell: Spider Form
  2272 | D:2      | Killed Crazy Yiuf
  2272 | D:2      | Reached XP level 4. HP: 35/35 MP: 4/8
  2387 | D:3      | Reached skill level 1 in Poison Magic
  2699 | D:2      | Reached skill level 4 in Unarmed Combat
  2794 | D:3      | Reached XP level 5. HP: 40/40 MP: 9/9
  2800 | D:3      | Learned a level 4 spell: Ice Form
  3891 | D:4      | Noticed a sky beast
  4113 | D:4      | Noticed a hornet
  4116 | D:4      | Killed a sky beast
  4116 | D:4      | Killed from afar by a sky beast

Illustrated notes

Levels and vault maps discovered:
D:1:      lightli_arrival_statue_moat, layout_loops_ring, due_unseen_surprise
D:2:      layout_rooms, uniq_crazy_yiuf_cottage
D:3:      layout_loops_cross, hangedman_decor_diamond_cutter
D:4:      layout_loops_ring, gammafunk_temple_overflow_elements,
          grunt_ministairs_14, minmay_crystal_room

Skill      XL: |  1  2  3  4  5 |
---------------+----------------+-----
Transmutations | 3 |  3.8
Poison Magic   | 1 2 |  2.0
Spellcasting   | 3 |  3.0
Unarmed Combat | 4 |  4.3
Fighting       | |  1.1
Dodging        | |  1.7

Action                   |  1- 3 |  4- 6 || total
-------------------------+-------+-------++-------
Melee: Unarmed           |   114 |   132 ||   246
       Kick              |     5 |     3 ||     8
       Tailslap          |     7 |    12 ||    19
       Headbutt          |     4 |     1 ||     5
       Punch             |       |     1 ||     1
Throw: Javelin           |     3 |     1 ||     4
 Cast: Beastly Appendage |    15 |     3 ||    18
       Spider Form       |     2 |     4 ||     6
       Sticks to Snakes  |     2 |     3 ||     5
  Use: Scroll            |       |     1 ||     1
       Potion            |       |     1 ||     1
 Stab: Sleeping          |     2 |       ||     2
       Distracted        |       |     1 ||     1
  Eat: Chunk             |     5 |     5 ||    10
Armor: Skin              |    25 |    41 ||    66
Dodge: Dodged            |    68 |    73 ||   141
